 Dungeon Crawl Stone Soup version 0.24-a0-417-g1cce26a4d2 (webtiles) character file.

Game seed: 9800817691323592249

8 Ilgrip the Vexing (level 2, 21/21 HPs)
             Began as a Demonspawn Arcane Marksman on June 11, 2019.
             Quit the game on level 1 of the Dungeon.
             The game lasted 00:00:08 (143 turns).

Ilgrip the Vexing (Demonspawn Arcane Marksman)       Turns: 143, Time: 00:00:09

Health: 21/21      AC:  4    Str: 10    XL:     2   Next: 0%
Magic:  3/3        EV: 12    Int: 14    God:
Gold:   23         SH:  0    Dex: 13    Spells: 2/3 levels left

rFire    . . .     SeeInvis .   a - +0 hunting sling
rCold    . . .     Gourm    .   (no shield)
rNeg     . . .     Faith    .   e - +0 robe
rPois    .         Spirit   .   (no helmet)
rElec    .         Reflect  .   (no cloak)
rCorr    .         Harm     .   (no gloves)
MR       .....                  (no boots)
Stlth    +.........             (no amulet)
HPRegen  0.07/turn              (no ring)
MPRegen  0.08/turn              (no ring)

@: no status effects
A: iridescent scales 1
a: no special abilities


You were on level 1 of the Dungeon.
You were not hungry.

You visited 1 branch of the dungeon, and saw 1 of its levels.

You collected 23 gold pieces.

Inventory:

Hand Weapons
 a - a +0 hunting sling (weapon)
Missiles
 d - 17 sling bullets (quivered)
 h - 32 stones
Armour
 e - a +0 robe (worn)
Scrolls
 g - a scroll of teleportation {unknown}
Potions
 b - a potion of curing {unknown}
 c - a potion of berserk rage {unknown}
Comestibles
 f - a ration


   Skills:
 + Level 1.0 Fighting
 + Level 1.7 Slings
 + Level 1.7 Dodging
 + Level 1.0 Spellcasting
 + Level 3.5 Hexes


You had 2 spell levels left.
You knew the following spells:

 Your Spells              Type           Power        Failure   Level  Hunger
a - Corona                Hex            ##.....      6%          1    ##.....

Your spell library contained the following spells:

 Spells                   Type           Power        Failure   Level  Hunger
 Slow                     Hex            ##......     9%          2    ###....
 Inner Flame              Hex/Fire       #.......     36%         3    ####...
 Portal Projectile        Hex/Tloc       #.....       36%         3    ####...
 Cause Fear               Hex            ##........   52%         4    #####..
 Leda's Liquefaction      Hex/Erth       #.........   77%         4    #####..


Dungeon Overview and Level Annotations

Branches:
Dungeon (1/15)

Altars:


Innate Abilities, Weirdness & Mutations

You are partially covered in iridescent scales. (AC +2)


Message History

d - 17 sling bullets (gained 1)
You see here a bat corpse.
d - 18 sling bullets (gained 1)
d - 19 sling bullets (gained 1)
A bat comes into view.
Firing (i - inventory. (/) - cycle)
d - 19 sling bullets (quivered)
Press: ? - help, Shift-Dir - straight line, f - bat
Aim: a bat You shoot a sling bullet.
The sling bullet closely misses the bat.
A bat is nearby!
Firing (i - inventory. (/) - cycle)
d - 18 sling bullets (quivered)
Press: ? - help, Shift-Dir - straight line, f/p - bat
Aim: a bat You shoot a sling bullet.
The sling bullet hits the bat!
You kill the bat!
You have reached level 2!
Your demonic ancestry asserts itself...
Iridescent scales grow over part of your body.
Are you sure you want to abandon this character and quit the game? (Confirm with "yes".)

.##♣.♣###
#...###....##
....)# #..##
##....# ######
#..## ##...# #
#.## ##..# #
#.. ##...# #
#... #..#.#
.... ##..#..#
#..#..#..##.##
(....(.@##..#
.#.#.......##
#########


There were no monsters in sight!

Vanquished Creatures
  A dart slug (D:1)
  2 bats (D:1)
  A goblin (D:1)
  A hobgoblin (D:1)
  A frilled lizard (D:1)
6 creatures vanquished.

Notes
Turn   | Place    | Note
-------+----------+-------------------------------------------
     0 | D:1      | Ilgrip the Demonspawn Arcane Marksman began the quest for
                  | the Orb.
     0 | D:1      | Reached XP level 1. HP: 15/15 MP: 2/2
   142 | D:1      | Gained mutation: You are partially covered in iridescent
                  | scales. (AC +2) [demonic ancestry]
   142 | D:1      | Reached XP level 2. HP: 21/21 MP: 3/3
   143 | D:1      | Quit the game

Levels and vault maps discovered:
D:1:      psy_arrival_heroes, layout_rooms, serial_forest,
          infiniplex_forest_lined_2, infiniplex_forest_clump_cross,
          infiniplex_forest_clump_small, infiniplex_forest_straight_3,
          infiniplex_forest_lined_room_, nemelex_diamond_rough_becter

Action                   || total
-------------------------++-------
 Fire: Hunting sling     ||    15
Armor: Robe              ||     1
Dodge: Dodged            ||     1

Table legend:
 A = Non-vault XP
 B = Vault XP
 C = Vault XP percentage of total XP
 D = Non-vault monster count
 E = Vault monster count
 F = Vault count percentage of total count
                 A         B        C        D         E       F
            +---------+---------+-------+---------+---------+-------
      Total |      12 |       0 |   0.0 |       6 |       0 |   0.0
            +---------+---------+-------+---------+---------+-------
        D:1 |      12 |       0 |   0.0 |       6 |       0 |   0.0
            +---------+---------+-------+---------+---------+-------
